 Dungeon Crawl Stone Soup version 0.25-a0-404-gc1b5a34292 (webtiles) character file.

Game seed: 9445993933786491141, levelgen mode: deterministic

945 ReteAZ the Slasher (level 8, -10/68 HPs)
             Began as a Human Fighter on Jan 11, 2020.
             Killed by divine providence
             ... invoked by an orc priest
              (13 damage)
             ... on level 5 of the Dungeon.
             The game lasted 00:06:08 (5143 turns).

ReteAZ the Slasher (Human Fighter)                  Turns: 5143, Time: 00:06:09

Health: -10/68     AC:  9    Str: 19    XL:     8   Next: 35%
Magic:  8/8        EV:  5    Int:  9    God:
Gold:   327        SH: 14    Dex: 12    Spells: 7/7 levels left

rFire    . . .     SeeInvis .   a - +0 long sword
rCold    . . .     Gourm    .   c - +0 shield
rNeg     . . .     Faith    .   w - +0 chain mail (curse)
rPois    .         Spirit   .   (no helmet)
rElec    .         Reflect  .   (no cloak)
rCorr    .         Harm     .   (no gloves)
MR       .....                  (no boots)
Stlth    ..........             (no amulet)
HPRegen  0.21/turn              (no ring)
MPRegen  0.11/turn              (no ring)

@: berserk cooldown, slowed, very slow
A: large bone plates 1, sense surroundings 1, robust 1, wild magic 1
a: no special abilities


You were on level 5 of the Dungeon.
You were not hungry.

You visited 1 branch of the dungeon, and saw 5 of its levels.

You collected 327 gold pieces.

Inventory:

Hand Weapons
 a - a +0 long sword (weapon)
 g - a +0 hand axe of flaming
Missiles
 k - 19 poisoned darts (quivered)
Armour
 b - a +0 scale mail
 c - a +0 shield (worn)
 w - a cursed +0 chain mail (worn)
Jewellery
 d - an uncursed ring of ice {unknown}
 p - an uncursed amulet of the gourmand
 u - an uncursed ring of protection from magic {unknown}
Scrolls
 l - 2 scrolls of immolation {unknown}
 m - 2 scrolls of fear {unknown}
 n - a scroll of random uselessness {unknown}
 o - 2 scrolls of identify {unknown}
 q - 2 scrolls of teleportation {unknown}
 s - a scroll of amnesia {unknown}
 t - a scroll of blinking {unknown}
Potions
 e - a potion of degeneration {unknown}
 h - a potion of heal wounds {unknown}
 j - a potion of mutation
Comestibles
 f - 7 rations


   Skills:
 - Level 5.0 Fighting
 * Level 6.0 Long Blades
 - Level 5.0 Armour
 - Level 5.0 Shields


You had 7 spell levels left.
You didn't know any spells.
Your spell library was empty.

Dungeon Overview and Level Annotations

Branches:
Dungeon (5/15)
 Temple: D:4-7

Altars:
Nemelex Xobeh


Innate Abilities, Weirdness & Mutations

You are partially covered in large bone plates. (SH +4)
You passively map a small area around you.
You are robust. (+10% HP)
Your spells are a little harder to cast, but a little more powerful.


Message History

You kill the orc!
You hear some strange, mumbled words.
A puff of flame appears from out of thin air!
You block the puff of flame.
The orc priest hits you but does no damage.
You closely miss something. You block something's attack.
You miss something. Something hits you but does no damage.
You block the orc priest's attack.
You miss something. You block the orc priest's attack.
You miss something. Something hits you but does no damage.
You are no longer berserk.
You are exhausted.
You feel yourself slow down.
You hear some strange, mumbled words.
A puff of frost appears from out of thin air!
The puff of frost hits you.
* * * LOW HITPOINT WARNING * * *
The orc priest mumbles some strange prayers to Beogh against you.
Beogh smites you!
You die...

#....................###.######
###..................### #.......
##.................### ####..#.
.#.......####......### #...#.
.........## ##.......### ##..#..
.##...##..####...........##...#..
####.####...#....................
#..#'#..##..#..[{o......####...<#
#.......##......@...# ##...#
##.._..##..#...)##..# #...#
.##...##..#....## .# *##..#
..##.##..#...### * .# #.....
...###..#...## .. *#...#..
...........## * ,, ...(...##..
..........# ##...# ##. ..........
* * ##.. . ######.. , ## * .


You could see an orc priest.

Vanquished Creatures
  A sky beast (D:5)
  An ogre (D:5)
  2 phantoms (D:5)
  A centaur (D:5)
  A howler monkey (D:4)
  An orc priest (D:5)
  A centaur skeleton (D:4)
  A bullfrog skeleton (D:4)
  3 orc wizards
  4 worker ants
  4 adders
  4 gnolls (D:4)
  A shadow imp (D:5)
  2 oozes
  2 adder skeletons (D:4)
  A worm (D:3)
  2 dart slugs
  4 leopard geckos
  5 orcs
  A ball python (D:3)
  6 bats
  5 giant cockroaches
  13 goblins
  10 hobgoblins
  16 jackals
  6 kobolds
  A quokka (D:2)
  6 frilled lizards
  A leopard gecko skeleton (D:4)
  A quokka skeleton (D:5)
  5 rats
112 creatures vanquished.

Notes
Turn   | Place    | Note
-------+----------+-------------------------------------------
     0 | D:1      | ReteAZ the Human Fighter began the quest for the Orb.
     0 | D:1      | Reached XP level 1. HP: 18/18 MP: 1/1
    66 | D:1      | Reached XP level 2. HP: 20/24 MP: 2/2
   327 | D:1      | Reached XP level 3. HP: 25/29 MP: 3/3
  1013 | D:2      | Reached XP level 4. HP: 32/35 MP: 4/4
  1075 | D:2      | Reached skill level 3 in Long Blades
  2022 | D:3      | Reached XP level 5. HP: 41/41 MP: 5/5
  2284 | D:3      | You fall into a shaft and drop 2 floors!
  2284 | D:5      | Entered Level 5 of the Dungeon
  2816 | D:4      | Reached XP level 6. HP: 29/48 MP: 6/6
  2826 | D:4      | Reached skill level 4 in Long Blades
  3236 | D:4      | Reached XP level 7. HP: 38/54 MP: 7/7
  4125 | D:5      | Reached skill level 5 in Long Blades
  4433 | D:5      | Reached XP level 8. HP: 26/61 MP: 8/8
  5082 | D:5      | Found a sparkling altar of Nemelex Xobeh.
  5109 | D:5      | Reached skill level 5 in Shields
  5123 | D:5      | Gained mutation: You are robust. (+10% HP) [potion of
                  | mutation]
  5123 | D:5      | Gained mutation: You passively map a small area around you.
                  | [potion of mutation]
  5123 | D:5      | Gained mutation: Your spells are a little harder to cast,
                  | but a little more powerful. [potion of mutation]
  5123 | D:5      | Gained mutation: You are partially covered in large bone
                  | plates. (SH +4) [potion of mutation]
  5132 | D:5      | Reached skill level 6 in Long Blades
  5136 | D:5      | Reached skill level 5 in Fighting
  5136 | D:5      | Reached skill level 5 in Armour
  5143 | D:5      | HP: 3/68 [something/puff of frost (4)]
  5143 | D:5      | Killed from afar by an orc priest

Levels and vault maps discovered:
D:1:      roderic_octagonal_star, layout_loops_corners
D:2:      layout_loops_corners
D:3:      layout_basic
D:4:      layout_loops_ring, first_ration
D:5:      layout_layer_cave, grunt_temple_overflow_open, chequers_jeans,
          nemelex_lonely_heart_becter, uniq_sigmund, uniq_menkaure

Skill      XL: |  1  2  3  4  5  6  7  8 |
---------------+-------------------------+-----
Long Blades    | 3 4 5 6 |  6.0
Shields        | 4 5 |  5.0
Fighting       | 4 5 |  5.0
Armour         | 4 5 |  5.0

Action                   |  1- 3 |  4- 6 |  7- 9 || total
-------------------------+-------+-------+-------++-------
Melee: Long sword        |   111 |   233 |   183 ||   527
Throw: Dart              |       |    13 |     3 ||    16
  Use: Potion            |       |     1 |     9 ||    10
  Eat: Chunk             |     1 |     7 |     4 ||    12
       Ration            |       |       |     1 ||     1
Armor: Scale mail        |    56 |    86 |    62 ||   204
       Chain mail        |       |       |    36 ||    36
Dodge: Dodged            |    35 |    69 |    46 ||   150
Block: Shield            |    51 |   126 |   104 ||   281
       Rpst.: Long sword |    14 |    28 |    10 ||    52

Table legend:
 A = Non-vault XP
 B = Vault XP
 C = Vault XP percentage of total XP
 D = Non-vault monster count
 E = Vault monster count
 F = Vault count percentage of total count
                 A         B        C        D         E       F
            +---------+---------+-------+---------+---------+-------
      Total |    1351 |       0 |   0.0 |     112 |       0 |   0.0
            +---------+---------+-------+---------+---------+-------
        D:1 |      50 |       0 |   0.0 |      23 |       0 |   0.0
        D:2 |      80 |       0 |   0.0 |      31 |       0 |   0.0
        D:3 |      62 |       0 |   0.0 |      24 |       0 |   0.0
        D:4 |     341 |       0 |   0.0 |      19 |       0 |   0.0
        D:5 |     818 |       0 |   0.0 |      15 |       0 |   0.0
            +---------+---------+-------+---------+---------+-------
